 Dungeon Crawl Stone Soup version 0.17.1-1-g73c8601 (webtiles) character file.

14758 shmeve the Blocker (level 12, -4/99 HPs)
             Began as a Formicid Fighter on Apr 18, 2016.
             Was a High Priest of Okawaru.
             Slain by a 14-headed hydra (9 damage)
             ... on level 4 of the Lair of Beasts.
             The game lasted 00:27:15 (12773 turns).

shmeve the Blocker (Formicid Fighter)              Turns: 12773, Time: 00:27:15

Health: -4/99      AC: 20    Str: 24    XL:     12   Next: 49%
Magic:  14/15      EV: 11    Int: 10    God:    Okawaru [*****.]
Gold:   886        SH: 21    Dex: 10    Spells: 0 memorised, 11 levels left

rFire  . . .     SeeInvis +     d - +0 battleaxe
rCold  . . .     Clarity  .     D - +0 plate armour
rNeg   . . .     SustAt   .     M - +0 large shield
rPois  .         Gourm    .     (helmet unavailable)
rElec  .         Spirit   .     n - +0 cloak
rCorr  +         Warding  .     b - +0 pair of gloves
rMut   .         Stasis   +     c - +0 pair of boots
MR     +....                    w - amulet of resist corrosion
Stlth  ..........               (no ring)
                                (no ring)

@: heroism, somewhat resistant to hostile enchantments, extremely unstealthy
A: permanent stasis, dig shafts and tunnels, four strong arms, antennae 3
a: Dig, Shaft Self, Heroism, Renounce Religion


You were on level 4 of the Lair of Beasts.
You worshipped Okawaru.
Okawaru was extremely pleased with you.
You were not hungry.

You visited 3 branches of the dungeon, and saw 13 of its levels.
You also visited: Sewer.

You collected 886 gold pieces.

Inventory:

Hand Weapons
 d - a +0 battleaxe (weapon)
Missiles
 p - 21 bolts of frost
Armour
 b - a +0 pair of gloves (worn)
 c - a +0 pair of boots (worn)
 n - a +0 cloak (worn)
 D - a +0 plate armour (worn)
 M - a +0 large shield (worn)
Jewellery
 w - an amulet of resist corrosion (around neck)
Scrolls
 g - 3 scrolls of remove curse
 k - a scroll of amnesia
 q - 2 scrolls of blinking
 t - 2 scrolls of fog
 v - a scroll of enchant weapon {unknown}
 y - 2 scrolls of recharging
 z - 2 scrolls of magic mapping
 E - 2 scrolls of identify
 G - 3 scrolls of teleportation {unknown}
 J - a scroll of fear
 N - a scroll of enchant armour
 P - a scroll of acquirement {unknown}
 Q - a scroll of torment {unknown}
Potions
 a - 3 potions of heal wounds
 h - 2 potions of ambrosia
 i - a potion of curing
 j - a potion of mutation {unknown}
 l - 3 potions of magic
 r - 2 potions of cancellation {unknown}
 s - 2 potions of agility {unknown}
 x - 2 potions of poison {unknown}
 A - a potion of brilliance {unknown}
 B - a potion of degeneration {unknown}
 C - a potion of invisibility {unknown}
 F - a potion of haste {unknown}
 H - 2 potions of resistance {unknown}
 I - 2 potions of berserk rage {unknown}
 L - 3 potions of flight {unknown}
Books
 o - a book of Beasts

   Spells                             Type                      Level
   a - Summon Butterflies             Summoning                    1
   b - Call Canine Familiar           Summoning                    3
   c - Summon Ice Beast               Ice/Summoning                4
   d - Summon Mana Viper              Hexes/Summoning              5
   e - Summon Hydra                   Summoning                    7
 O - a book of Transfigurations

   Spells                             Type                      Level
   a - Stoneskin                      Transmutation/Earth          2
   b - Irradiate                      Conjuration/Transmutation    5
   c - Statue Form                    Transmutation/Earth          6
   d - Hydra Form                     Transmutation                6
   e - Dragon Form                    Transmutation                7
 R - a book of Envenomations

   Spells                             Type                      Level
   a - Spider Form                    Transmutation/Poison         3
   b - Alistair's Intoxication        Transmutation/Poison         4
   c - Olgreb's Toxic Radiance        Poison                       4
   d - Poisonous Cloud                Conjuration/Poison/Air       6
Comestibles
 e - 7 bread rations
 f - 7 meat rations
 m - 5 fruits
 u - 6 slices of pizza
 K - 3 beef jerkies
 S - 6 chunks of flesh


   Skills:
 * Level 10.7(15.7) Fighting
 * Level 10.0(15.0) Axes
 + Level 7.9(12.9) Armour
 + Level 6.0(11.0) Dodging
 * Level 11.9(16.9) Shields
 - Level 5.0 Invocations


You had 11 spell levels left.
You didn't know any spells.

Dungeon Overview and Level Annotations

Branches:
Dungeon (8/15)             Temple (1/1) D:6            Lair (4/8) D:8
 Spider (0/4) Lair:3
  Swamp: Lair:3-6    Shoals: Lair:3-6

Altars:
Ashenzari
Cheibriados
Dithmenos
Elyvilon
Fedhas
Gozag
Kikubaaqudgha
Makhleb
Nemelex Xobeh
Okawaru
Qazlal
Ru
Sif Muna
Trog
Vehumet
Xom
Yredelemnul
Zin
The Shining One


Innate Abilities, Weirdness & Mutations

You are under a permanent stasis effect.
You can dig through walls and to a lower floor.
Your four strong arms can wield two-handed weapons with a shield.
You have a pair of large antennae on your head (SInv).


Message History

You block the 13-headed hydra's attack.
The 13-headed hydra bites you but does no damage. x2
The 13-headed hydra bites you!
* * * LOW HITPOINT WARNING * * *
The 13-headed hydra barely misses you. The 13-headed hydra bites you.
* * * LOW HITPOINT WARNING * * *
The 13-headed hydra bites you!
* * * LOW HITPOINT WARNING * * *
The 13-headed hydra misses you.
You lop one of the 13-headed hydra's heads off!
The 12-headed hydra grows two more!
You slash the 14-headed hydra!
The 14-headed hydra is severely wounded.
You block the 14-headed hydra's attack. The 14-headed hydra misses you.
You block the 14-headed hydra's attack. The 14-headed hydra bites you.
* * * LOW HITPOINT WARNING * * *
The 14-headed hydra completely misses you.
You block the 14-headed hydra's attack.
The 14-headed hydra bites you but does no damage.
You block the 14-headed hydra's attack. The 14-headed hydra bites you!
You die...

##...# #........##
#.....####.........#
........#..#.......##
#...........#.......#
#.......#...........###
.........####.......#.#
.........P#####....÷.#
#..........# #...†.####
#.....†@..## #.#....#.#
.......D...# #####...#.
.#..........# ##....
#...........# #....
##..P?......# #....
#.#.PP.....# #....
#.##......## ##... #
##..#.## #... ##..


You could see a 14-headed hydra.

Vanquished Creatures
  Erica (D:8)
  A catoblepas (Lair:3)
  3 death yaks (Lair:4)
  Pikel (D:5)
  An orb spider (Lair:3)
  A griffon (Lair:3)
  2 black mambas
  3 spiny frogs
  A komodo dragon (Lair:2)
  A polar bear (Lair:3)
  A wyvern (Lair:2)
  2 basilisks
  10 yaks
  5 hippogriffs
  6 wolves (Lair:3)
  An orc warrior (D:8)
  3 porcupines
  7 water moccasins
  An ice beast (D:7)
  A necrophage (D:8)
  2 ogres
  A phantom (D:4)
  A slave (D:5)
  The ghost of kitkat the Magician, an amateur DrFE (D:3)
  9 crocodiles
  12 giant frogs
  A centaur (D:8)
  6 big kobolds (Sewer)
  A gnoll sergeant (D:6)
  A water moccasin zombie (D:6)
  2 scorpions
  3 killer bees (D:8)
  4 wights (D:6)
  2 hounds
  4 orc wizards
  A crimson imp (D:6)
  2 orc priests
  A jelly (D:6)
  5 iguanas
  A quasit (D:6)
  A giant frog skeleton (D:5)
  Natasha (thrice) (D:3)
  3 worker ants
  4 sheep (Lair:2)
  2 hound zombies (D:6)
  6 gnolls (D:6)
  13 adders
  12 river rats
  2 oozes (Sewer)
  4 worms (Sewer)
  15 orcs
  8 ball pythons
  6 bats
  9 giant cockroaches
  8 goblins
  9 hobgoblins
  14 jackals
  3 quokkas
  9 giant geckos
  A giant gecko zombie (D:4)
  3 giant newts
  9 kobolds
  A quokka skeleton (D:5)
  11 rats
  5 fungi
  A plant (Lair:2)
274 creatures vanquished.

Vanquished Creatures (others)
  An orc wizard (D:8)
  A giant cockroach (D:5)
  2 bushes (Lair:4)
  A fungus (Lair:2)
5 creatures vanquished.

Grand Total: 279 creatures vanquished

Notes
Turn   | Place    | Note
--------------------------------------------------------------
     0 | D:1      | shmeve the Formicid Fighter began the quest for the Orb.
     0 | D:1      | Reached XP level 1. HP: 18/18 MP: 1/1
   382 | D:1      | Reached XP level 2. HP: 24/24 MP: 2/2
   669 | D:2      | Reached XP level 3. HP: 24/30 MP: 3/3
   910 | D:2      | Reached skill level 4 in Shields
  1199 | D:2      | Found a shimmering altar of Xom.
  1216 | D:2      | Found a shimmering altar of Xom.
  1217 | D:2      | Found a shimmering altar of Xom.
  1217 | D:2      | Found a shimmering altar of Xom.
  1218 | D:2      | Found a shimmering altar of Xom.
  1220 | D:2      | Found a shimmering altar of Xom.
  1456 | D:3      | Reached XP level 4. HP: 37/37 MP: 4/4
  1654 | D:3      | Found a bloodstained altar of Trog.
  1789 | D:3      | Noticed Natasha
  1796 | D:3      | Killed Natasha
  1796 | D:3      | Reached XP level 5. HP: 36/42 MP: 5/5
  1806 | D:3      | Reached skill level 1 in Dodging
  1904 | D:3      | Noticed kitkat's ghost (amateur DrFE)
  1914 | D:3      | Killed kitkat's ghost
  1961 | D:3      | Reached XP level 6. HP: 30/49 MP: 6/6
  2177 | D:3      | Noticed Natasha
  2188 | D:3      | Killed Natasha
  2422 | D:3      | Noticed Natasha
  2431 | D:3      | Killed Natasha
  2552 | D:4      | Found a glowing drain.
  2607 | D:4      | Reached skill level 5 in Shields
  2616 | Sewer    | Entered a sewer
  2872 | Sewer    | Reached XP level 7. HP: 48/55 MP: 7/7
  2909 | Sewer    | Reached skill level 5 in Fighting
  3166 | Sewer    | Reached skill level 6 in Shields
  3166 | Sewer    | Reached XP level 8. HP: 31/63 MP: 8/8
  3556 | D:4      | Found a sparkling altar of Nemelex Xobeh.
  3827 | D:4      | Found a sacrificial altar of Ru.
  3829 | D:4      | Found a shattered altar of Ashenzari.
  3835 | D:4      | Found a snail-covered altar of Cheibriados.
  3835 | D:4      | Found a sparkling altar of Nemelex Xobeh.
  3875 | D:4      | Reached skill level 5 in Axes
  4190 | D:5      | Entered Level 5 of the Dungeon
  4191 | D:5      | Noticed Pikel
  4210 | D:5      | Killed Pikel
  4210 | D:5      | Reached skill level 5 in Armour
  4210 | D:5      | Reached skill level 7 in Shields
  4375 | D:5      | Reached XP level 9. HP: 40/71 MP: 9/9
  4580 | D:5      | Got a bronze ring mail
  4595 | D:5      | Identified the cursed +0 ring mail "Xifeczio" {rElec Str+4} (You found it on level 5 of the Dungeon)
  5226 | D:6      | Found a staircase to the Ecumenical Temple.
  5267 | Temple   | Entered the Ecumenical Temple
  5334 | Temple   | Became a worshipper of Warmaster Okawaru
  5506 | D:6      | Reached skill level 1 in Invocations
  5942 | D:6      | Reached * piety under Okawaru
  5955 | D:6      | Reached skill level 8 in Shields
  6628 | D:8      | Reached XP level 10. HP: 37/80 MP: 10/12
  7010 | D:8      | Reached ** piety under Okawaru
  7042 | D:8      | Found an ancient bone altar of Kikubaaqudgha.
  7333 | D:8      | Noticed Erica
  7353 | D:8      | Killed Erica
  7353 | D:8      | Reached skill level 9 in Shields
  7895 | D:8      | Found a staircase to the Lair.
  8066 | Lair:1   | Entered Level 1 of the Lair of Beasts
  8864 | Lair:1   | Noticed a spiny frog
  8879 | Lair:1   | Killed a spiny frog
  9084 | Lair:1   | Noticed a black mamba
  9094 | Lair:1   | Killed a black mamba
  9636 | Lair:2   | Reached *** piety under Okawaru
  9754 | Lair:2   | Reached XP level 11. HP: 78/87 MP: 14/14
  9782 | Lair:2   | Reached skill level 10 in Shields
  9782 | Lair:2   | Reached skill level 5 in Invocations
  9809 | Lair:2   | Reached skill level 5 in Dodging
 10054 | Lair:2   | Noticed a spiny frog
 10067 | Lair:2   | Killed a spiny frog
 11399 | Lair:3   | Reached **** piety under Okawaru
 11737 | Lair:3   | Noticed a catoblepas
 11753 | Lair:3   | Killed a catoblepas
 11843 | Lair:3   | Noticed a griffon
 11851 | Lair:3   | Killed a griffon
 11851 | Lair:3   | Reached skill level 10 in Fighting
 11851 | Lair:3   | Reached skill level 11 in Shields
 11879 | Lair:3   | Found a hole to the Spider Nest.
 11879 | Lair:3   | Noticed an orb spider
 11898 | Lair:3   | Killed an orb spider
 11898 | Lair:3   | Reached ***** piety under Okawaru
 11915 | Lair:3   | Reached XP level 12. HP: 94/97 MP: 15/15
 12222 | Lair:4   | Noticed a death yak
 12223 | Lair:4   | Noticed a death yak
 12225 | Lair:4   | Noticed a death yak
 12244 | Lair:4   | Killed a death yak
 12245 | Lair:4   | Killed a death yak
 12248 | Lair:4   | Killed a death yak
 12552 | Lair:4   | Found a snail-covered altar of Cheibriados.
 12667 | Lair:4   | Received a gift from Okawaru
 12740 | Lair:4   | Reached skill level 10 in Axes
 12759 | Lair:4   | Noticed an eight-headed hydra
 12773 | Lair:4   | Slain by a 14-headed hydra

Action                   |  1- 3 |  4- 6 |  7- 9 | 10-12 || total
-------------------------+-------+-------+-------+-------++-------
Melee: War axe           |   128 |   219 |   317 |       ||   664
       Battleaxe         |       |       |    78 |   521 ||   599
Invok: Heroism           |       |       |       |     9 ||     9
  Use: Scroll            |       |     2 |    11 |     1 ||    14
       Potion            |       |     1 |     4 |     1 ||     6
  Eat: Chunk             |     2 |     5 |    13 |    13 ||    33
       Fruit             |       |       |       |     5 ||     5
       Royal jelly       |       |       |       |     2 ||     2
